 Dungeon Crawl Stone Soup version 0.27-a0-1193-g8631133539 (webtiles) character file.

Game seed: 6452501256944220918

430 pilgrim the Shooter (level 6, 0/36 HPs)
             Began as a Deep Elf Arcane Marksman on May 26, 2021.
             Was an Initiate of Okawaru.
             Killed from afar by an orc wizard (2 damage)
             ... with a magic dart
             ... on level 5 of the Dungeon.
             The game lasted 00:31:04 (8664 turns).

pilgrim the Shooter (Deep Elf Arcane Marksman)      Turns: 8664, Time: 00:31:05

Health: 0/36       AC:  7    Str: 11    XL:     6   Next: 66%
Magic:  9/11       EV: 13    Int: 18    God:    Okawaru [......]
Gold:   107        SH:  0    Dex: 15    Spells: 6/9 levels left

rFire    . . .     SeeInvis .   b - +1 dagger (vamp)
rCold    . . .     Faith    .   (no shield)
rNeg     . . .     Spirit   .   i - +0 leather armour
rPois    .         Reflect  .   (no helmet)
rElec    .         Harm     .   (no cloak)
rCorr    .         Rampage  .   (no gloves)
Will     .....                  (no boots)
Stlth    +.........             (no amulet)
HPRegen  0.12/turn              n - +4 ring of protection
MPRegen  0.12/turn              (no ring)

@: confused
A: strong 1, evolution 1
a: Renounce Religion


You were on level 5 of the Dungeon.
You worshipped Okawaru.
Okawaru was noncommittal.
You visited 2 branches of the dungeon, and saw 7 of its levels.

You collected 107 gold pieces.

Inventory:

Hand Weapons
 a - a +0 shortbow
 b - a +1 vampiric dagger (weapon)
 d - a +0 hand axe
 s - a +0 dagger
 u - a +0 quarterstaff
Missiles
 m - 5 arrows
Armour
 e - a +0 robe
 i - a +0 leather armour (worn)
 p - a +0 ring mail
Jewellery
 n - a +4 ring of protection (left hand)
 v - a ring of flight
Scrolls
 c - 2 scrolls of fog {unknown}
 h - a scroll of holy word {unknown}
 j - a scroll of magic mapping {unknown}
 o - 2 scrolls of identify
 t - a scroll of torment {unknown}
Potions
 k - a potion of ambrosia {unknown}
 l - a potion of attraction {unknown}
 q - 2 potions of flight


   Skills:
 + Level 2.9 Fighting
 + Level 5.7 Bows
 + Level 4.8 Dodging
 - Level 3.0 Stealth
 - Level 2.0 Spellcasting
 - Level 4.2 Hexes


You had 6 spell levels left.
You knew the following spells:

 Your Spells              Type           Power      Damage    Failure   Level
a - Corona                Hex            17%        N/A       4%          1
b - Slow                  Hex            16%        N/A       6%          2

Your spell library contained the following spells:

 Spells                   Type           Power      Damage    Failure   Level
 Magic Dart               Conj           4%         1d3       24%         1
 Dazzling Flash           Conj/Hex       18%        N/A       30%         3
 Inner Flame              Hex/Fire       9%         N/A       30%         3
 Portal Projectile        Hex/Tloc       18%        N/A       30%         3
 Searing Ray              Conj           2%         3d3       34%         2
 Cause Fear               Hex            8%         N/A       38%         4
 Fulminant Prism          Conj/Hex       4%         3d6       69%         4
 Leda's Liquefaction      Hex/Erth       4%         N/A       69%         4
 Iskenderun's Mystic Bla  Conj/Tloc      1%         2d3       93%         4


Dungeon Overview and Level Annotations

Branches:
Dungeon (6/15)             Temple (1/1) D:5

Altars:
Ashenzari
Cheibriados
Dithmenos
Elyvilon
Fedhas
Gozag
Hepliaklqana
Kikubaaqudgha
Makhleb
Nemelex Xobeh
Okawaru
Qazlal
Ru
Sif Muna
Trog
Uskayaw
Vehumet
Wu Jian
Xom
Zin
The Shining One

Annotations:
D:4 Sigmund
D:5 exclusion: phantom


Innate Abilities, Weirdness & Mutations

Your muscles are strong. (Str +2)
You evolve.


Message History

Press: ? - help, Shift-Dir - straight line Nothing appears to happen.
Something hits you but does no damage. Something hits you.
* * * LOW HITPOINT WARNING * * *
Casting: Corona (safe; 4% risk of failure)
Confirm with . or Enter, or press ? or * to list all spells.
Aiming: Corona (safe; 4% risk of failure)
Press: ? - help, Shift-Dir - straight line Nothing appears to happen.
The orc throws a stone.
The stone completely misses you. Something hits you but does no damage.
You hear some strange, mumbled words.
You are confused.
You're too confused to cast spells.
You bump into the rock wall.
An orc wizard appears from thin air!
Reactivating autopickup.
Something hits you but does no damage.
Deactivating autopickup; reactivate with Ctrl-A.
The orc wizard casts a spell at you.
You are more confused.
You bump into the rock wall.
You hear some strange, mumbled words.
You are more confused.
The orc wizard misses you.
You completely miss something. Something hits you but does no damage.
The orc wizard hits you but does no damage.
You closely miss something.
You hear some strange, mumbled words.
A magic dart appears from out of thin air!
The magic dart hits you.
* * * LOW HITPOINT WARNING * * *
The orc wizard misses you.
You're too confused to move!
Something hits you but does no damage.
The orc throws a stone.
The orc wizard barely misses you.
You bump into the rock wall.
Something hits you but does no damage.
The orc wizard hits you but does no damage.
You bump into the rock wall.
Something hits you.
* * * LOW HITPOINT WARNING * * *
The orc wizard gestures at you while chanting.
The magic dart hits you.
You die...

#....##.......##.#.# ...#
##.......##.#......# ...###
#.#..##....#...##.# .....
$..................##...####
............................
)...).###.#.#...............
..(..## #.....hoo..........
..... #..####{####.......
#.....o@# ##...####
#.####### #..#...# #.#
#....#.# #.# #....#.#####
### #.####### #..........#
######.###.......#
#....#.###.#
......#.....####(# #.####.#
#.# ######.####.# #
#......###.# ### .# ..
#.......##.#


You could see a hound, an orc wizard and 2 orcs.

Vanquished Creatures
  An ice beast (D:5)
  A water moccasin skeleton (D:4)
  A jelly (D:3)
  A centaur zombie (D:5)
  A hound (D:5)
  A centaur skeleton (D:4)
  4 hound zombies (D:4)
  3 adders
  An adder zombie (D:4)
  3 adder skeletons (D:4)
  A worm (D:1)
  2 dart slugs (D:1)
  7 orcs
  4 endoplasms (D:1)
  3 giant cockroaches
  7 goblins
  6 hobgoblins
  5 jackals
  2 quokkas
  7 ball pythons
  6 bats
  3 frilled lizards
  7 kobolds
  A quokka zombie (D:4)
  2 rats
80 creatures vanquished.

Vanquished Creatures (others)
  4 withered plants (D:4)
4 creatures vanquished.

Grand Total: 84 creatures vanquished

Notes
Turn   | Place    | Note
-------+----------+-------------------------------------------
     0 | D:1      | pilgrim the Deep Elf Arcane Marksman began the quest for
                  | the Orb.
     0 | D:1      | Reached XP level 1. HP: 11/11 MP: 5/5
   442 | D:1      | Reached skill level 1 in Fighting
   675 | D:1      | Reached XP level 2. HP: 16/16 MP: 4/6
   741 | D:1      | Reached skill level 3 in Bows
   815 | D:1      | Learned a level 2 spell: Slow
  1173 | D:1      | Found a faded altar of an unknown god.
  1374 | D:1      | Reached XP level 3. HP: 19/20 MP: 8/8
  1413 | D:1      | Reached skill level 1 in Stealth
  2429 | D:4      | Noticed Sigmund
  2917 | D:3      | Reached XP level 4. HP: 15/25 MP: 9/9
  3130 | D:3      | Reached skill level 4 in Bows
  4006 | D:4      | Noticed an ogre
  5092 | D:5      | Entered Level 5 of the Dungeon
  5109 | D:5      | Noticed an ogre
  5698 | D:4      | Reached XP level 5. HP: 28/30 MP: 10/10
  5952 | D:4      | Found a shimmering altar of Xom.
  6134 | D:5      | Found a staircase to the Ecumenical Temple.
  6240 | D:4      | Reached skill level 5 in Bows
  6379 | D:5      | Noticed an ice beast
  6485 | D:5      | Noticed a phantom
  6502 | Temple   | Entered the Ecumenical Temple
  6613 | Temple   | Became a worshipper of Warmaster Okawaru
  7598 | D:4      | Reached XP level 6. HP: 32/36 MP: 11/11
  8097 | D:5      | Killed an ice beast
  8646 | D:5      | Gained mutation: Your muscles are strong. (Str +2) [potion
                  | of mutation]
  8646 | D:5      | Gained mutation: You evolve. [potion of mutation]
  8664 | D:5      | Killed from afar by an orc wizard

Illustrated notes

Levels and vault maps discovered:
D:1:      dpeg_arrival_round_b, layout_basic, basic_ecumenical_altar
D:2:      layout_rooms
D:3:      layout_loops_ring, kennysheep_nub
D:4:      layout_loops_ring, kennysheep_little_box,
          cheibrodos_sewer_entry_sluice, serial_undead, serial_undead_b,
          serial_undead_f, serial_undead_e, serial_undead_f, serial_undead_a,
          uniq_sigmund
D:5:      layout_loops_cross, minmay_temple_entry_ruins, uniq_duvessa
D:6:      layout_loops_cross, marbit_many_paths, serial_shops,
          nicolae_shop_competitors_out_of_business, uniq_edmund
Temple:   regret_index_temple_chain_breaker

Skill      XL: |  1  2  3  4  5 |
---------------+----------------+-----
Fighting       | 1 2 |  2.9
Bows           | 3 4 5 |  5.7
Spellcasting   | 2 |  2.0
Dodging        | 3 4 |  4.8
Stealth        | 2 3 |  3.0
Hexes          | |  4.2

Action                   |  1- 3 |  4- 6 || total
-------------------------+-------+-------++-------
Melee: Dagger            |    26 |   393 ||   419
 Fire: Shortbow          |   105 |    51 ||   156
 Cast: Corona            |    28 |    46 ||    74
       Slow              |     3 |    24 ||    27
  Use: Scroll            |       |     3 ||     3
       Potion            |       |     4 ||     4
 Stab: Sleeping          |       |     2 ||     2
Armor: Robe              |     1 |       ||     1
       Leather armour    |    16 |    95 ||   111
       Ring mail         |       |   166 ||   166
Dodge: Dodged            |    51 |   272 ||   323

Table legend: (Time is in decaauts)
 A = Elapsed time spent in this place.
 B = Non-inter-level travel time spent in this place.
 C = Inter-level travel time spent in this place.
 D = Time resting spent in this place.
 E = Time spent auto-exploring this place.
 F = Levels seen in this place.
 G = Mean time per level.
                   A        B        C        D        E       F      G
               +--------+--------+--------+--------+--------+-----+--------+
         Total |   8694 |   7867 |    827 |   1752 |   3797 |   7 | 1242.0 |
       Dungeon |   8562 |   7754 |    808 |   1752 |   3694 |   6 | 1427.0 |
        Temple |    131 |    112 |     19 |      0 |    103 |   1 |  131.0 |
               +--------+--------+--------+--------+--------+-----+--------+

Top non-repeatable levels by time:
     D:3: 3048 daAuts
     D:4: 2017 daAuts
     D:1: 1566 daAuts
     D:2: 1021 daAuts
     D:5: 904 daAuts
  Temple: 131 daAuts
     D:6: 4 daAuts
